Zazza, neutral female human Tourist # ----------- ---------- |......{..| ######### |........| |.........| ###############----- |........| |.........| #------- |...| ##-........| |.........+#####|.....| |.<.| # |........| |.........| #-.....| ######.....####.........| ---.------- @##|.....| --|-- -.---.---- # B |.....| ## ## # # ### |......# # # # # # -------# # ##### ----------- # # # # --|-.--------- |.???+????| # # # # # |............| #+.??+?+?+?| ---+-------# ### # |............| ###|.?.??????| |.........|# # ----|- |............| # ----------- |.........|# ##-....| |............-#### |..........# |....| |...>........| |.........| |_...| -------------- ----------- ------ # Zazza the Rambler Experience level: 1 Strength: 15 Dexterity: 13 Constitution: 13 Intelligence: 12 Wisdom: 10 Charisma: 18 Health: 0(10) Energy: 2(2) Def: 1 Gold: 688 Moves: 1381 Dungeon seed: r7ob084HX7oNmrFC Game ID: Zazza_1581334243 Your Inventory: Coins $ - 688 gold pieces Weapons a - 27 +2 darts (in quiver) u - a +0 orcish dagger (weapon in hand) v - a +1 orcish dagger Armor e - an uncursed +0 Hawaiian shirt (being worn) r - a blessed +0 elven cloak (being worn) Comestibles b - an uncursed cram ration c - 2 uncursed eggs d - 3 uncursed food rations f - an uncursed apple g - an uncursed tin of spinach h - an uncursed tripe ration i - an uncursed carrot j - an uncursed cream pie k - 3 uncursed slime molds Scrolls m - 2 uncursed scrolls of magic mapping w - an uncursed scroll of identify y - a cursed scroll of teleportation Potions l - 2 uncursed potions of extra healing p - an uncursed potion of sickness x - an uncursed potion of hallucination Tools n - an expensive camera (0:52) o - an uncursed credit card s - an uncursed tin whistle t - an uncursed tin whistle Gems q - an uncursed worthless piece of yellow glass Spells and supernatural/magical abilities: Name Level Category Fail Memory W - pray for help -- divine ? -- Your skills at the end: Fighting Skills Weapon Skills dart [Basic] Spellcasting Skills Final Attributes: You were aligned. You were stealthy. You were lucky. You are dead. Vanquished creatures: a giant rat 7 jackals 4 foxes 5 goblins 2 sewer rats 9 grid bugs 2 lichens 4 newts 34 creatures vanquished. Voluntary challenges: You used a wielded weapon 1 time, starting on turn 1234. You read items or engraved 2 times, starting on turn 748. You never genocided any monsters. You never polymorphed an object. You never changed form. You used no wishes. You never split a pudding. You never wrote Elbereth's name. You never violated your personal moral code. Dungeon overview: The Dungeons of Doom: levels 1 to 3 Level 1 a long staircase Level 2 a fountain Level 3 <- You were here a scroll shop, an altar to Blind Io, a fountain History has recorded: On T:1 you entered the Dungeons of Doom to retrieve the Amulet of Yendor! On T:476 you reached level 2 of The Dungeons of Doom. On T:1025 you reached level 3 of The Dungeons of Doom. Score breakdown: Gold: 546 ( 9313 points) Experience: 1 level ( 0 points) Exploration: 3 levels ( 6.12%) ( 6123 points) Discoveries: 2 items ( 0.67%) ( 2457 points) Valuables value: (no points given unless you survive) Artifact value: 0 ( 0 points) Variety of kills: 8 monsters ( 2.10%) ( 4347 points) Turncount: 1381 turns ( 0 points) Survival: died (score multiplied by 80%) Total score: 17792 Latest messages: k - 3 uncursed slime molds. g - an uncursed tin of spinach. h - an uncursed tripe ration. w - an uncursed scroll labeled ANDOVA BEGARIN. y - a cursed scroll labeled YUM YUM. m - 2 uncursed scrolls of magic mapping. x - an uncursed magenta potion. p - an uncursed murky potion. l - 2 uncursed potions of extra healing. s - an uncursed tin whistle. t - an uncursed tin whistle. q - an uncursed yellow gem. Armand misses the jackal. You are now wielding your crude dagger. The jackal bites! Armand bites the jackal. The jackal is killed! The door resists! The door opens. The bat bites! (2x) You miss the bat. The bat just misses! The bat bites! You die... Final status: Aloha Zazza the Tourist, killed by a bat... You died in The Dungeons of Doom on dungeon level 3 with 17792 points, and 688 pieces of gold, after 1381 moves. You were level 1 with a maximum of 10 hit points when you died.